 Dungeon Crawl Stone Soup version 0.22-a0-348-gd16d1391c7 (webtiles) character file.

13386 Laan the Cleaver (level 12, -2/79 HPs)
             Began as a Gargoyle Berserker on Apr 10, 2018.
             Was a High Priest of Trog.
             Slain by an ufetubus (3 damage)
             ... summoned by a ynoxinul
             ... summoned by a kobold demonologist
             ... on level 11 of the Dungeon on Apr 11, 2018.
             The game lasted 00:22:05 (9736 turns).

Laan the Cleaver (Gargoyle Berserker)               Turns: 9736, Time: 00:22:05

Health: -2/79      AC:  2    Str: 26    XL:     12   Next: 5%
Magic:  21/21      EV:  8    Int:  8    God:    Trog [*****.]
Gold:   830        SH:  0    Dex:  9    Spells: 11/11 levels left

rFire    . . .     SeeInvis .   H - +6 executioner's axe (chop)
rCold    . . .     Gourm    .   (shield currently unavailable)
rNeg     + . .     Faith    .   E - +0 plate armour
rPois    ∞         Spirit   .   z - +1 helmet
rElec    +         Reflect  .   (no cloak)
rCorr    .         Harm     .   N - +0 pair of gloves (curse)
MR       .....                  (no boots)
Stlth    ..........             (no amulet)
HPRegen  0.23/turn              A - ring of stealth
MPRegen  0.17/turn              F - ring of magical power

@: corroded
A: negative energy resistance 1, electricity resistance, unbreathing,
petrification resistance, rot immunity, AC +8
a: Berserk, Trog's Hand, Brothers in Arms, Renounce Religion


You were on level 11 of the Dungeon.
You worshipped Trog.
Trog was extremely pleased with you.
You were not hungry.

You visited 1 branch of the dungeon, and saw 11 of its levels.
You also visited: Sewer and Ossuary.

You collected 830 gold pieces.

Inventory:

Hand Weapons
 v - a +0 war axe
 x - a +0 battleaxe
 H - a +6 executioner's axe of chopping (weapon)
Missiles
 i - 7 javelins (quivered)
Armour
 z - a +1 helmet (worn)
 E - a +0 plate armour (worn)
 I - the cursed -1 shield of Xiassac {Dex+5}
   (You found it on level 8 of the Dungeon)

   It affects your dexterity (+5).
   It has a curse placed upon it.
 N - a cursed +0 pair of gloves (worn)
Jewellery
 k - an uncursed amulet of guardian spirit {unknown}
 A - a ring of stealth (left hand)
 F - a ring of magical power (right hand)
Wands
 m - a wand of acid (10)
 t - a wand of random effects (16)
 G - a wand of paralysis (14)
 L - a wand of polymorph (13)
Scrolls
 b - 2 scrolls of enchant armour
 j - 15 scrolls of identify
 o - 4 scrolls of remove curse
 q - 5 scrolls of random uselessness {unknown}
 r - 3 scrolls of fear {unknown}
 s - 6 scrolls of teleportation {unknown}
 u - 3 scrolls of magic mapping {unknown}
 y - 3 scrolls of blinking {unknown}
 B - a scroll of fog {unknown}
 K - a scroll of amnesia {unknown}
Potions
 d - a potion of invisibility {unknown}
 e - 6 potions of flight
 f - 4 potions of mutation {unknown}
 g - 4 potions of lignification {unknown}
 h - a potion of brilliance {unknown}
 l - 2 potions of ambrosia {unknown}
 n - 2 potions of heal wounds {unknown}
 p - a potion of haste {unknown}
 w - 2 potions of berserk rage {unknown}
 C - a potion of magic {unknown}
 D - 2 potions of might {unknown}
Comestibles
 c - 27 rations
 J - 9 chunks of flesh


   Skills:
 + Level 10.9 Fighting
 * Level 13.4 Axes
 - Level 8.3 Armour
 - Level 1.5 Dodging


You had 11 spell levels left.
You didn't know any spells.

Dungeon Overview and Level Annotations

Branches:
Dungeon (11/15)            Temple (0/1) D:5            Lair (0/6) D:11
    Orc (0/2) D:10

Altars:
Ashenzari
Dithmenos
Fedhas
Kikubaaqudgha
Okawaru
Qazlal
Sif Muna
Uskayaw
Vehumet
Wu Jian
Yredelemnul

Shops:
D:10 (


Innate Abilities, Weirdness & Mutations

You are resistant to torment.
Your stone body is resilient. (AC +8)
You are immune to poison.
You resist negative energy. (rN+)
You are resistant to electric shocks. (rElec)
You can survive without breathing.
You are immune to petrification.
You are immune to rotting.


Message History

The ynoxinul hits you!
* * * LOW HITPOINT WARNING * * *
The rust devil closely misses you.
You feel better.
The kobold demonologist closely misses you.
The hellwing closely misses you. The hellwing hits you!
* * * LOW HITPOINT WARNING * * *
The ynoxinul gestures.
The rust devil barely misses you.
You feel better.
The kobold demonologist hits you with a falchion.
* * * LOW HITPOINT WARNING * * *
The hellwing hits you.
* * * LOW HITPOINT WARNING * * *
The hellwing hits you but does no damage.
The ufetubus hits you but does no damage.
The ufetubus hits you.
* * * LOW HITPOINT WARNING * * *
The ufetubus hits you.
You die...

#### #.. # ### #.#
.# ##.####.###.#
###.#.........###
#.......#445....##
#[##.##.#.@K5....#
#.##.##.#53....#..
#.##.##.######...#
#.##.##.# ###
#.##.##.#
#.......#
####.#####
#.......##..
#.#.#.#.##.. ...


You could see a hellwing, a rust devil, a kobold demonologist, a ynoxinul and 3
ufetubi.

Vanquished Creatures
  A hydra (D:11)
  3 two-headed ogres
  Nergalle (D:11)
  An unseen horror (D:11)
  Pikel (D:9)
  3 ugly things (D:11)
  A gargoyle (D:11)
  Prince Ribbit (D:7)
  Grinder (D:5)
  2 hippogriffs
  A shadow (D:11)
  Eustachio (D:4)
  A wyvern (D:10)
  A vampire (D:11)
  4 yaks (D:9)
  Grum (D:10)
  Menkaure (D:7)
  4 water moccasins
  A sky beast (D:9)
  A slave (D:9)
  Purgy (Sewer)
  6 orc warriors
  A hornet zombie (D:9)
  2 ice beasts
  3 phantoms
  2 ogres
  A necrophage (D:10)
  2 wolves (D:10)
  4 centaurs
  Blork the orc (D:4)
  6 bullfrogs
  A wyvern zombie (D:11)
  3 scorpions
  5 killer bees (D:6)
  4 wights (D:10)
  4 howler monkeys
  A crimson imp (D:9)
  A bullfrog zombie (D:5)
  A centaur zombie (D:5)
  5 hounds
  3 jellies (D:9)
  12 orc priests
  2 bullfrog skeletons
  A centaur skeleton (D:8)
  Jessica (D:2)
  17 orc wizards
  4 iguanas
  10 worker ants
  A hound zombie (D:5)
  A hound skeleton (D:8)
  8 mummies (Ossuary)
  A worker ant zombie (D:5)
  Robin (D:4)
  11 adders
  4 gnolls (D:7)
  A howler monkey skeleton (D:4)
  4 shadow imps
  6 oozes
  An adder zombie (D:2)
  An adder skeleton (D:9)
  3 dart slugs
  4 worms
  8 leopard geckos
  48 orcs
  9 giant cockroaches
  A gnoll zombie (Ossuary)
  11 goblins
  12 hobgoblins
  8 jackals (D:1)
  12 kobolds
  6 quokkas
  2 ball pythons
  9 bats
  5 frilled lizards
  2 hobgoblin zombies (Ossuary)
  2 kobold zombies (Ossuary)
  A leopard gecko skeleton (D:8)
  3 orc zombies (Ossuary)
  A quokka zombie (D:7)
  6 rats
328 creatures vanquished.

Vanquished Creatures (others)
  A jelly (D:9)
  An iguana (D:9)
  A quokka zombie (D:9)
3 creatures vanquished.

Grand Total: 331 creatures vanquished

Notes
Turn   | Place    | Note
-------+----------+-------------------------------------------
     0 | D:1      | Laan the Gargoyle Berserker began the quest for the Orb.
     0 | D:1      | Reached XP level 1. HP: 14/14 MP: 1/1
    74 | D:1      | Reached skill level 3 in Axes
    75 | D:1      | Reached XP level 2. HP: 12/19 MP: 2/2
   466 | D:1      | Reached XP level 3. HP: 12/23 MP: 3/3
   734 | D:2      | Reached skill level 4 in Axes
   738 | D:2      | Reached ** piety under Trog
   802 | D:2      | Noticed Jessica
   809 | D:2      | Killed Jessica
   809 | D:2      | Reached XP level 4. HP: 28/28 MP: 4/4
  1022 | D:2      | Found an ancient bone altar of Kikubaaqudgha.
  1026 | D:2      | Found a deep blue altar of Sif Muna.
  1028 | D:2      | Found a radiant altar of Vehumet.
  1032 | D:2      | Identified Sif Muna's Collected Works on Malediction
  1069 | D:2      | Reached skill level 5 in Axes
  1069 | D:2      | Reached XP level 5. HP: 32/32 MP: 5/5
  1619 | D:3      | Reached *** piety under Trog
  1622 | D:3      | Found a glowing drain.
  1644 | Sewer    | Entered a sewer
  1648 | Sewer    | Noticed Purgy
  1658 | Sewer    | Killed Purgy
  1658 | Sewer    | Reached skill level 6 in Axes
  1658 | Sewer    | Reached XP level 6. HP: 37/37 MP: 6/6
  2314 | D:4      | Noticed Blork the orc
  2321 | D:4      | Killed Blork the orc
  2325 | D:4      | Reached XP level 7. HP: 42/42 MP: 7/7
  2345 | D:4      | Found a shadowy altar of Dithmenos.
  2347 | D:4      | Noticed Eustachio
  2517 | D:4      | Killed Eustachio
  2517 | D:4      | Reached skill level 7 in Axes
  2601 | D:4      | Noticed Robin
  2610 | D:4      | Reached **** piety under Trog
  2624 | D:4      | Killed Robin
  2975 | D:5      | Entered Level 5 of the Dungeon
  2982 | D:5      | Reached XP level 8. HP: 36/48 MP: 8/8
  3169 | D:5      | Found a sand-covered staircase.
  3173 | Ossuary  | Entered an ossuary
  3200 | Ossuary  | Reached skill level 5 in Fighting
  3390 | D:5      | Reached skill level 8 in Axes
  3491 | D:5      | Found a staircase to the Ecumenical Temple.
  3980 | D:5      | Noticed Grinder
  3985 | D:5      | Paralysed by Grinder for 4 turns
  3994 | D:5      | Killed Grinder
  3994 | D:5      | Reached skill level 5 in Armour
  4163 | D:6      | Reached XP level 9. HP: 53/55 MP: 9/9
  4228 | D:6      | Reached ***** piety under Trog
  4297 | D:6      | Reached skill level 9 in Axes
  4787 | D:6      | Found an ancient bone altar of Kikubaaqudgha.
  5504 | D:7      | Found a stormy altar of Qazlal.
  5504 | D:7      | Found a blossoming altar of Fedhas.
  5509 | D:7      | Noticed Menkaure
  5518 | D:7      | Killed Menkaure
  5817 | D:7      | Reached skill level 10 in Axes
  5891 | D:7      | Found a hide-covered altar of Uskayaw.
  5891 | D:7      | Found an ornate altar of the Wu Jian Council.
  5893 | D:7      | Found a basalt altar of Yredelemnul.
  5893 | D:7      | Found a shattered altar of Ashenzari.
  5924 | D:7      | Noticed Prince Ribbit
  5932 | D:7      | Killed Prince Ribbit
  6099 | D:7      | Reached XP level 10. HP: 63/63 MP: 10/10
  6553 | D:8      | Got a smoking shield
  6557 | D:8      | Identified the cursed -1 shield of Xiassac {Dex+5} (You found it on level 8 of the Dungeon)
  6712 | D:9      | Received a gift from Trog
  6829 | D:9      | Noticed a two-headed ogre
  6833 | D:9      | Killed a two-headed ogre
  7091 | D:9      | Reached skill level 11 in Axes
  7194 | D:9      | Noticed Pikel
  7215 | D:9      | Killed Pikel
  7562 | D:9      | Found an iron altar of Okawaru.
  7742 | D:10     | Entered Level 10 of the Dungeon
  7934 | D:10     | Reached XP level 11. HP: 71/71 MP: 11/11
  8030 | D:10     | Noticed Grum
  8036 | D:10     | Killed Grum
  8127 | D:10     | Found Qedun's Antique Weapon Boutique.
  8153 | D:10     | Noticed a two-headed ogre
  8161 | D:10     | Killed a two-headed ogre
  8161 | D:10     | Reached skill level 12 in Axes
  8506 | D:10     | Received a gift from Trog
  8566 | D:10     | Found a staircase to the Orcish Mines.
  8919 | D:11     | Noticed a red ugly thing
  8929 | D:11     | Killed a red ugly thing
  8945 | D:11     | Noticed a six-headed hydra
  8956 | D:11     | Killed a seven-headed hydra
  8956 | D:11     | Reached skill level 10 in Fighting
  9014 | D:11     | Killed an unseen horror
  9050 | D:11     | Noticed Nergalle
  9067 | D:11     | Killed Nergalle
  9296 | D:11     | Noticed a purple ugly thing
  9299 | D:11     | Noticed a green ugly thing
  9306 | D:11     | Killed a purple ugly thing
  9306 | D:11     | Reached skill level 13 in Axes
  9328 | D:11     | Killed a green ugly thing
  9434 | D:11     | Noticed a two-headed ogre
  9445 | D:11     | Killed a two-headed ogre
  9445 | D:11     | Reached XP level 12. HP: 27/79 MP: 12/12
  9632 | D:11     | Found a staircase to the Lair.
  9733 | D:11     | HP: 1/79 [ynoxinul[a kobold demonologist] (11)]
  9736 | D:11     | Slain by an ufetubus

Vault maps used:
D:1:      dpeg_arrival_tiny_i
D:2:      grunt_temple_overflow_magic_moments, uniq_jessica
D:3:      first_ration, gup_sewer_entry_pipe
D:4:      lemuel_round_altar, dk_vineyard_2, uniq_eustachio, uniq_robin,
          uniq_blork_the_orc
D:5:      minmay_temple_entry_statues, nicolae_ossuary_entry_false_entrances,
          uniq_grinder
D:6:      basic_altar, minmay_a_box_with_orc_wizards_in_it
D:7:      grunt_temple_overflow_forces_of_nature,
          chequers_temple_overflow_statue_of_worship, uniq_prince_ribbit1,
          uniq_menkaure
D:9:      kennysheep_mini, nicolae_overflow_hidden_temple,
          hangedman_little_slice_of_home, roderic_lattice_a, uniq_pikel
D:10:     david_orc_4, serial_shops, kennysheep_little_box, nicolae_wwwww,
          uniq_grum
D:11:     lair_entry_dummy, kb_rosetta, uniq_maurice, uniq_erica, uniq_nergalle,
          uniq_josephine
Sewer:    kennysheep_door_sewer
Ossuary:  ossuary_tomb_3

Skill      XL: |  1  2  3  4  5  6  7  8  9 10 11 |
---------------+----------------------------------+-----
Axes           | 3 4 5 6 7 8 10 11 13 | 13.4
Fighting       | 4 5 7 9 10 | 10.9
Armour         | 3 5 7 8 |  8.3
Dodging        | |  1.5

Action                   |  1- 3 |  4- 6 |  7- 9 | 10-12 || total
-------------------------+-------+-------+-------+-------++-------
Melee: Hand axe          |    87 |   208 |       |       ||   295
       War axe           |       |    34 |     1 |       ||    35
       Battleaxe         |       |       |   450 |    62 ||   512
       Executioner's axe |       |       |       |   276 ||   276
Invok: Berserk           |     1 |     3 |     6 |     2 ||    12
       Trog's Hand       |       |       |     1 |       ||     1
Evoke: Wand              |       |       |     4 |     5 ||     9
  Use: Potion            |       |       |     2 |     4 ||     6
       Scroll            |       |       |       |     6 ||     6
 Stab: Paralysed         |       |       |     5 |       ||     5
       Distracted        |       |       |       |     1 ||     1
  Eat: Chunk             |       |     8 |    20 |    14 ||    42
Armor: Animal skin       |    16 |       |       |       ||    16
       Scale mail        |    34 |   125 |   140 |       ||   299
       Plate armour      |       |       |   291 |   428 ||   719
Dodge: Dodged            |   105 |   132 |   266 |   157 ||   660

Table legend:
 A = Spawn XP
 B = Non-spawn XP
 C = Spawn XP percentage of total XP
 D = Spawn monster count
 E = Non-spawn monster count
 F = Spawn count percentage of total count
 G = Total turns spent on level
                    A         B        C        D         E        F      G
               +---------+---------+-------+---------+---------+-------+---------
         Total |       0 |   19124 |   0.0 |       0 |     327 |   0.0 |  9736
               +---------+---------+-------+---------+---------+-------+---------
           D:1 |       0 |      39 |   0.0 |       0 |      22 |   0.0 |   697
           D:2 |       0 |     141 |   0.0 |       0 |      27 |   0.0 |   613
           D:3 |       0 |     147 |   0.0 |       0 |      37 |   0.0 |   964
           D:4 |       0 |     716 |   0.0 |       0 |      27 |   0.0 |   638
           D:5 |       0 |     796 |   0.0 |       0 |      23 |   0.0 |   877
           D:6 |       0 |    1318 |   0.0 |       0 |      23 |   0.0 |  1376
           D:7 |       0 |    1288 |   0.0 |       0 |      24 |   0.0 |   738
           D:8 |       0 |     653 |   0.0 |       0 |      14 |   0.0 |   457
           D:9 |       0 |    3329 |   0.0 |       0 |      32 |   0.0 |  1046
          D:10 |       0 |    3177 |   0.0 |       0 |      34 |   0.0 |  1154
          D:11 |       0 |    7227 |   0.0 |       0 |      42 |   0.0 |   840
         Sewer |       0 |     140 |   0.0 |       0 |       6 |   0.0 |   169
       Ossuary |       0 |     153 |   0.0 |       0 |      16 |   0.0 |   167
               +---------+---------+-------+---------+---------+-------+---------
